 Dungeon Crawl Stone Soup version 0.27-a0-277-g024f7ef292 (webtiles) character file.

Game seed: 6122845541486847815

84 KristoblXynda the Chopper (level 4, -1/39 HPs)
             Began as a Naga Gladiator on Feb 7, 2021.
             Killed by nerve-wracking pain
             ... invoked by an orc priest
              (8 damage)
             ... on level 3 of the Dungeon.
             The game lasted 00:02:37 (3196 turns).

KristoblXynda the Chopper (Naga Gladiator)          Turns: 3196, Time: 00:02:38

Health: -1/39      AC:  5    Str: 17    XL:     4   Next: 45%
Magic:  4/4        EV: 10    Int:  9    God:
Gold:   48         SH:  0    Dex: 12    Spells: 3/3 levels left

rFire    . . .     SeeInvis +   m - +1 hand axe of the Ghost {freeze, rPois}
rCold    . . .     Faith    .   (no shield)
rNeg     . . .     Spirit   .   b - +0 leather armour
rPois    +         Reflect  .   l - +1 helmet
rElec    .         Harm     .   (no cloak)
rCorr    .         Rampage  .   (no gloves)
Will     .....                  (no barding)
Stlth    ++........             (no amulet)
HPRegen  0.13/turn              (no ring)
MPRegen  0.09/turn              (no ring)

@: very slow
A: large, see invisible, deformed body, poison resistance, slowness 2, spit
poison 1, AC +1
a: Spit Poison


You were on level 3 of the Dungeon.
You visited 1 branch of the dungeon, and saw 3 of its levels.

You collected 48 gold pieces.

Inventory:

Hand Weapons
 a - a +0 war axe
 m - the +1 hand axe of the Ghost (weapon) {freeze, rPois}
   (You found it on level 2 of the Dungeon)

   It has been specially enchanted to freeze those struck by it, causing extra
   injury to most foes and up to half again as much damage against particularly
   susceptible opponents.
   It can also slow down cold-blooded creatures.
   It protects you from poison.
Missiles
 d - 3 throwing nets (quivered)
Armour
 b - a +0 leather armour (worn)
 l - a +1 helmet (worn)
Scrolls
 c - a scroll of noise {unknown}
 e - a scroll of teleportation {unknown}
 g - a scroll of random uselessness {unknown}
 h - 3 scrolls of identify
 i - a scroll of immolation {unknown}
 j - a scroll of amnesia
 k - a scroll of remove curse {unknown}
 n - a scroll of blinking
Potions
 f - a potion of heal wounds
 o - a potion of lignification


   Skills:
 - Level 2.0 Fighting
 + Level 3.6 Axes
 - Level 2.0 Throwing
 + Level 1.2 Armour
 + Level 3.0 Dodging
 + Level 2.9 Stealth


You had 3 spell levels left.
You didn't know any spells.
Your spell library was empty.

Dungeon Overview and Level Annotations

Branches:
Dungeon (3/15)

Altars:
Dithmenos


Innate Abilities, Weirdness & Mutations

You cannot wear boots.
Your serpentine skin is tough. (AC +1)
You have supernaturally acute eyesight. (SInv)
Armour fits poorly on your strangely shaped body.
Your system is resistant to poisons. (rPois)
You cover ground very slowly.
You can spit poison.


Message History

You struggle to resist.
You hit the orc priest. You freeze the orc priest.
The orc priest is moderately wounded.
The orc priest barely misses you. The orc priest closely misses you.
You barely miss the orc priest.
The orc priest is moderately wounded.
The orc priest closely misses you.
You hit the orc priest but do no damage.
The orc priest is heavily wounded.
You have got your breath back.
The orc priest hits you but does no damage.
You hit the orc priest. You freeze the orc priest.
The orc priest is almost dead.
The orc priest hits you with a +4 short sword!
* * * LOW HITPOINT WARNING * * *
You hit the orc priest but do no damage.
The orc priest is almost dead.
The orc priest calls down the wrath of Beogh upon you.
Pain shoots through your body!
You die...

#.........####...
+.........'......
#.........####...
##.......## ##.#
##.....## ###
##...## ##'##
.###########.#
.>...go@...#.#
##########.#.##
#....## #.....#
#....## #.#..##
#.###.# #.# ##.
## ##


You could see an orc priest (poisoned) and a hobgoblin.

Vanquished Creatures
  Robin (D:2)
  3 adders (D:2)
  A worm (D:2)
  A leopard gecko (D:2)
  2 orcs (D:3)
  2 giant cockroaches
  7 goblins (D:2)
  A hobgoblin (D:2)
  2 jackals (D:1)
  2 quokkas (D:2)
  A ball python (D:3)
  7 bats
  3 frilled lizards
  2 kobolds (D:1)
  8 rats
43 creatures vanquished.

Notes
Turn   | Place    | Note
-------+----------+-------------------------------------------
     0 | D:1      | KristoblXynda the Naga Gladiator began the quest for the
                  | Orb.
     0 | D:1      | Reached XP level 1. HP: 19/19 MP: 1/1
   335 | D:1      | Reached skill level 1 in Stealth
   517 | D:1      | Reached XP level 2. HP: 26/26 MP: 2/2
  1628 | D:2      | Reached XP level 3. HP: 27/32 MP: 3/3
  1765 | D:2      | Noticed Robin
  1786 | D:2      | Killed Robin
  2169 | D:2      | Reached skill level 1 in Armour
  2169 | D:2      | Reached XP level 4. HP: 33/39 MP: 4/4
  2382 | D:2      | Got a crystal hand axe
  2383 | D:2      | Identified the +1 hand axe of the Ghost {freeze, rPois}
                  | (You found it on level 2 of the Dungeon)
  3078 | D:3      | Found a shadowy altar of Dithmenos.
  3196 | D:3      | Killed from afar by an orc priest

Illustrated notes

Levels and vault maps discovered:
D:1:      lightli_arrival_farm, layout_basic
D:2:      layout_basic, minivault_5, uniq_robin
D:3:      layout_loops_corners, lemuel_doored_altar,
          nicolae_dithmenos_through_a_glass_darkly

Skill      XL: |  1  2  3  4 |
---------------+-------------+-----
Stealth        | 1 2 |  2.9
Throwing       | 2 |  2.0
Armour         | 1 |  1.2
Dodging        | 3 |  3.0
Fighting       | |  2.0
Axes           | |  3.6

Action                   |  1- 3 |  4- 6 || total
-------------------------+-------+-------++-------
Melee: War axe           |   107 |    10 ||   117
       Spear             |     2 |       ||     2
       Hand axe          |       |    42 ||    42
 Abil: Spit Poison       |       |     1 ||     1
  Use: Potion            |     1 |       ||     1
       Scroll            |       |     3 ||     3
 Stab: Sleeping          |     1 |       ||     1
Armor: Leather armour    |    44 |    21 ||    65
Dodge: Dodged            |    89 |    27 ||   116

Table legend: (Time is in decaauts)
 A = Elapsed time spent in this place.
 B = Non-inter-level travel time spent in this place.
 C = Inter-level travel time spent in this place.
 D = Time resting spent in this place.
 E = Time spent auto-exploring this place.
 F = Levels seen in this place.
 G = Mean time per level.
                   A        B        C        D        E       F      G
               +--------+--------+--------+--------+--------+-----+--------+
         Total |   3969 |   3892 |     77 |    540 |   2913 |   3 | 1323.0 |
       Dungeon |   3969 |   3892 |     77 |    540 |   2913 |   3 | 1323.0 |
               +--------+--------+--------+--------+--------+-----+--------+

Top non-repeatable levels by time:
     D:1: 1963 daAuts
     D:2: 1846 daAuts
     D:3: 160 daAuts
